Map: Thunderbird LE

Players

iGiAsonu

  • Race: Zerg Zerg
  • Spawn Location: 11:00

JimRising - Winner!

  • Race: Zerg Zerg
  • League: Grandmaster
  • Spawn Location: 5:00

Event: NationWars 2019

VOD

Have the link to the VOD?

Description

Time

  • Played on: Nov. 17, 2019, 11:52 a.m.
  • Length: 24:37
Show
View Real Time Build Order
Export as new Build Order

iGiAsonu Zerg 

Build Orders: Hatch First, Lurkers, Roach Hydra 

Get SALT Encoding   

  12  0:01  Drone  
  13  0:13  Overlord  
  13  0:17  Drone  
  14  0:33  Drone x2  
  16  0:49  Hatchery  
  15  0:52  Drone  
  15  0:55  Drone  
  17  0:59  Drone  
  18  1:09  Extractor  
  17  1:14  Spawning Pool  
  17  1:17  Drone  
  17  1:20  Drone  
  18  1:29  Drone  
  19  1:42  Drone  
  20  1:50  Overlord  
  20  2:01  Queen x2  
  20  2:02  Zergling x2  
  20  2:03  Drone  
  26  2:09  Metabolic Boost  
  26  2:12  Drone  
  26  2:13  Drone  
  28  2:25  Drone  
  28  2:27  Drone  
  30  2:35  Hatchery  
  29  2:37  Drone  
  30  2:45  Drone x2  
  30  2:51  Baneling Nest  
  31  2:55  Overlord  
  31  2:59  Drone x2  
  31  3:05  Drone  
  34  3:11  Zergling x4  
  36  3:15  Zergling x2  
  36  3:17  Drone x2  
  36  3:18  Drone, Queen  
  42  3:21  Drone  
  43  3:29  Overlord  
  43  3:31  Drone  
  44  3:48  Overlord  
  44  3:51  Drone  
  44  3:52  Drone  
  44  3:53  Drone x4  
  49  3:55  Drone x2  
  49  4:02  Drone x2  
  51  4:06  Drone x2, Evolution Chamber  
  52  4:10  Lair  
  52  4:13  Drone x2  
  52  4:15  Roach Warren  
  52  4:16  Drone  
  54  4:18  Drone x3  
  54  4:21  Extractor  
  54  4:22  Extractor, Overlord  
  55  4:31  Drone x5  
  60  4:34  Drone, Zerg Missile Weapons Level 1  
  60  4:36  Pneumatized Carapace  
  60  4:39  Drone  
  60  4:42  Drone  
  62  4:48  Drone x6  
  62  4:52  Overlord  
  68  4:54  Drone  
  69  5:00  Drone x2  
  69  5:02  Baneling, Extractor  
  69  5:03  Roach, Extractor  
  69  5:06  Roach  
  73  5:08  Overseer, Extractor  
  73  5:10  Overlord  
  73  5:11  Glial Reconstitution  
  73  5:14  Roach x2  
  76  5:16  Overlord  
  76  5:20  Baneling x2  
  76  5:22  Baneling  
  76  5:25  Drone x4  
  80  5:31  Drone  
  80  5:32  Drone x2  
  83  5:39  Overlord  
  83  5:41  Overlord  
  83  5:47  Overlord  
  83  5:54  Hatchery, Hydralisk Den  
  83  5:56  Evolution Chamber  
  83  5:57  Roach x7  
  88  6:02  Roach x3  
  100  6:09  Overlord  
  100  6:10  Drone x3  
  103  6:14  Roach  
  103  6:17  Roach  
  107  6:22  Roach x3, Extractor  
  113  6:26  Grooved Spines, Zerg Ground Armor Level 1  
  113  6:29  Ravager  
  113  6:31  Overlord  
  109  6:34  Hydralisk x2  
  109  6:35  Hatchery  
  109  6:39  Hydralisk  
  112  6:40  Hydralisk x2  
  117  6:51  Spore Crawler  
  117  6:53  Spore Crawler  
  114  6:54  Lurker Den  
  114  6:56  Hydralisk x3  
  119  7:01  Overseer  
  119  7:02  Overlord  
  119  7:06  Overlord  
  119  7:08  Hydralisk x3  
  121  7:11  Overlord  
  125  7:18  Hydralisk x3  
  121  7:25  Hydralisk  
  121  7:26  Hydralisk  
  121  7:28  Hydralisk  
  123  7:37  Hydralisk x3  
  117  7:38  Muscular Augments  
  117  7:46  Queen x2  
  117  7:51  Hydralisk x5  
  117  7:59  Hydralisk x2  
  111  8:08  Hydralisk x3  
  117  8:22  Hydralisk x5  
  127  8:28  Hydralisk x2  
  127  8:33  Roach x3  
  127  8:34  Queen  
  131  8:36  Queen  
  135  8:41  Overseer  
  135  8:44  Queen  
  137  8:56  Hydralisk x3  
  143  9:06  Hydralisk  
  143  9:08  Overlord  
  143  9:12  Overlord x2  
  143  9:14  Overlord  
  143  9:17  Zerg Missile Weapons Level 2  
  143  9:19  Overlord  
  143  9:21  Lurker  
  143  9:23  Overlord  
  144  9:27  Overlord x2  
  144  9:29  Spore Crawler  
  143  9:32  Spore Crawler x2  
  143  9:34  Infestation Pit  
  143  9:35  Spore Crawler, Lurker x3  
  143  9:36  Lurker  
  143  9:37  Spore Crawler  
  142  9:38  Hydralisk  
  142  9:39  Roach  
  142  9:40  Spore Crawler  
  142  9:43  Spore Crawler  
  144  9:46  Drone x10  
  154  9:54  Drone  
  154  9:58  Overlord x2  
  155  10:00  Spore Crawler  
  154  10:07  Spore Crawler  
  154  10:09  Spore Crawler  
  154  10:11  Drone x5  
  154  10:13  Spore Crawler  
  154  10:14  Extractor  
  155  10:19  Overlord  
  155  10:23  Drone  
  155  10:24  Drone x6  
  154  10:35  Lurker x4  
  158  10:45  Hive  
  158  10:46  Zerg Ground Armor Level 2  
  158  10:47  Drone  
  158  10:48  Drone x5  
  148  10:57  Hydralisk x4  
  148  11:03  Hydralisk  
  148  11:04  Hydralisk x2  
  142  11:10  Hydralisk  
  142  11:11  Hydralisk x3  
  137  11:21  Hydralisk x5  
  141  11:26  Queen  
  143  11:34  Drone x6  
  149  11:43  Spore Crawler  
  149  11:44  Spore Crawler  
  149  11:45  Hydralisk x6  
  150  11:54  Lurker x3  
  150  11:56  Overseer  
  152  12:03  Extractor  
  152  12:04  Spore Crawler  
  152  12:05  Spore Crawler, Viper  
  152  12:19  Viper  
  155  12:30  Drone  
  155  12:31  Spore Crawler  
  155  12:33  Spore Crawler  
  155  12:35  Spore Crawler  
  153  12:40  Adaptive Talons  
  153  12:41  Roach x9  
  171  12:48  Spore Crawler  
  170  13:02  Hydralisk x10  
  185  13:24  Hydralisk  
  185  13:25  Hydralisk x5  
  195  13:28  Drone x4  
  199  13:39  Spore Crawler, Extractor  
  199  13:40  Drone  
  198  13:41  Spore Crawler x2  
  198  13:42  Spore Crawler x2  
  198  13:43  Drone  
  198  13:44  Spore Crawler  
  198  13:47  Extractor  
  193  13:52  Lurker x3  
  193  13:54  Extractor  
  190  14:04  Drone x3  
  193  14:11  Lurker x3  
  196  14:33  Tunneling Claws, Burrow, Zerg Missile Weapons Level 3  
  194  14:39  Spore Crawler  
  193  14:47  Overseer  
  193  14:49  Overseer  
  193  14:54  Drone  
  193  14:55  Nydus Network  
  193  14:56  Spore Crawler, Hydralisk x4  
  193  14:57  Spore Crawler  
  193  14:59  Lurker  
  199  15:15  Extractor  
  198  15:31  Viper x2  
  198  15:56  Hatchery  
  197  16:02  Zerg Ground Armor Level 3  
  197  16:11  Nydus Canal  
  197  16:29  Nydus Canal  
  161  16:42  Nydus Canal  
  161  16:43  Hydralisk x12  
  161  16:46  Lurker x5  
  167  17:05  Lurker  
  167  17:06  Lurker x2  
  170  17:15  Spore Crawler, Roach x9  
  169  17:23  Roach x2  
  169  17:24  Roach  
  169  17:29  Hydralisk x8  
  176  17:33  Roach x6  
  176  17:34  Roach x2  
  176  17:38  Hydralisk  
  176  17:39  Hydralisk x2  
  176  17:43  Roach x3  
  180  17:54  Lurker x2  
  182  18:04  Roach x8  
  186  18:10  Spore Crawler  
  183  18:13  Lurker  
  183  18:16  Drone x2  
  183  18:18  Extractor x2  
  183  18:19  Spine Crawler  
  183  18:20  Spore Crawler, Spine Crawler x2  
  183  18:22  Spore Crawler, Roach  
  183  18:23  Roach x6  
  193  18:36  Lurker x3  
  193  18:41  Roach x5  
  196  18:43  Drone x4  
  198  18:56  Roach  
  193  19:05  Lurker  
  193  19:06  Lurker x3  
  187  19:22  Hydralisk x7  
  191  19:45  Roach  
  153  19:46  Roach x3  
  153  19:47  Roach  
  153  19:57  Roach x8  
  153  19:58  Roach x7  
  152  20:10  Roach x4  
  130  20:23  Roach x4  
  130  20:27  Roach x4  
  138  20:30  Queen x3  
  142  20:37  Roach x4  
  151  20:57  Drone x8  
  151  20:58  Queen  
  160  21:04  Roach x6  
  160  21:05  Queen  
  162  21:12  Lurker x2  
  162  21:13  Drone  
  162  21:14  Drone x7  
  166  21:48  Roach x3  
  166  21:51  Lurker  
  166  21:52  Lurker x2, Roach x4  
  157  21:55  Spine Crawler  
  157  21:58  Spine Crawler  
  157  22:00  Spore Crawler, Spine Crawler  
  157  22:01  Spore Crawler, Roach x5  
  152  22:10  Drone x4  
  152  22:12  Spine Crawler  
  155  22:21  Roach x5  
  155  22:23  Roach x3  
  155  22:24  Roach  
  155  22:26  Lurker x3  
  155  22:27  Hydralisk  
  155  22:28  Hydralisk  
  155  22:29  Zergling x6  
  162  22:30  Zergling x10  
  158  22:55  Viper  
  158  22:56  Roach x5  
  157  23:16  Hatchery  
  157  23:17  Hydralisk x6  
  146  23:27  Hydralisk  
  146  23:28  Hydralisk  
  134  23:39  Hydralisk  
  136  23:55  Roach  
  132  23:57  Roach x2  
  132  23:58  Roach  
  132  24:03  Viper  
Show
View Real Time Build Order
Export as new Build Order

JimRising Zerg - Winner!

Build Orders: Hatch First 

Get SALT Encoding   

  12  0:00  Drone  
  13  0:12  Overlord  
  13  0:17  Drone  
  14  0:30  Drone x2  
  16  0:49  Hatchery  
  15  0:52  Drone  
  15  0:54  Drone  
  17  0:58  Extractor  
  16  1:11  Spawning Pool  
  16  1:14  Drone  
  16  1:17  Drone  
  17  1:22  Drone  
  18  1:30  Drone  
  19  1:38  Overlord  
  19  1:49  Drone  
  20  1:59  Queen  
  22  2:01  Queen  
  22  2:03  Zergling x2  
  22  2:04  Drone  
  26  2:11  Drone  
  26  2:15  Drone  
  28  2:17  Metabolic Boost  
  28  2:21  Drone  
  29  2:23  Drone  
  30  2:32  Drone  
  30  2:36  Zergling x2  
  32  2:42  Baneling Nest  
  32  2:43  Drone  
  32  2:51  Drone, Hatchery  
  32  2:57  Overlord  
  32  3:01  Drone  
  32  3:04  Drone  
  34  3:09  Overlord  
  34  3:13  Drone x2  
  34  3:17  Drone  
  34  3:18  Drone x2  
  34  3:19  Drone  
  40  3:24  Drone  
  41  3:29  Queen  
  41  3:31  Drone  
  44  3:37  Zergling x2  
  44  3:38  Overlord  
  45  3:45  Drone x3  
  48  3:51  Drone x2  
  48  3:52  Drone x2  
  52  3:59  Lair  
  51  4:05  Extractor  
  51  4:06  Extractor  
  51  4:07  Evolution Chamber  
  51  4:08  Roach Warren  
  47  4:12  Zergling x4, Baneling x2  
  47  4:14  Drone, Overlord  
  47  4:15  Extractor  
  49  4:19  Drone x3  
  49  4:21  Drone x2  
  55  4:24  Zergling x2  
  55  4:32  Drone x3  
  55  4:37  Drone x2  
  55  4:38  Drone x3  
  63  4:41  Zerg Melee Weapons Level 1  
  63  4:42  Drone  
  64  4:47  Drone x4  
  64  4:51  Overlord  
  68  5:01  Extractor  
  68  5:02  Drone x3  
  68  5:03  Overlord  
  68  5:04  Extractor, Overlord  
  68  5:05  Drone  
  68  5:06  Drone x2  
  72  5:18  Drone x2, Spire, Overlord  
  72  5:20  Overlord  
  73  5:22  Zergling x4  
  73  5:23  Zergling x2  
  73  5:27  Overlord  
  76  5:34  Roach x4  
  82  5:39  Drone  
  82  5:40  Zergling x8  
  87  6:04  Drone  
  87  6:05  Drone x2, Overlord  
  87  6:07  Overlord  
  90  6:16  Hatchery  
  85  6:31  Mutalisk  
  85  6:32  Mutalisk x11  
  91  6:35  Mutalisk  
  91  6:37  Zergling x6  
  112  6:40  Zerg Flyer Weapons Level 1  
  112  6:51  Drone x3, Mutalisk x2  
  116  6:56  Mutalisk  
  116  6:58  Overlord x2  
  118  7:03  Queen  
  118  7:05  Drone x2  
  118  7:08  Mutalisk  
  122  7:10  Zergling x8  
  122  7:11  Zergling x2  
  129  7:17  Extractor  
  129  7:22  Mutalisk x2  
  130  7:23  Extractor  
  125  7:31  Mutalisk x2  
  123  7:38  Mutalisk  
  123  7:45  Mutalisk  
  123  7:53  Mutalisk  
  121  8:01  Mutalisk x2  
  121  8:03  Zergling x14  
  121  8:04  Zergling x4  
  121  8:05  Drone x2  
  129  8:06  Drone x2  
  130  8:22  Mutalisk x3  
  130  8:25  Zergling x10  
  133  8:30  Mutalisk  
  133  8:32  Zergling x6  
  132  8:36  Zerg Flyer Weapons Level 2  
  132  8:37  Drone x2  
  132  8:38  Drone x2  
  132  8:39  Drone x2  
  132  8:40  Overlord  
  138  8:41  Hatchery  
  138  8:42  Zergling x4  
  139  8:50  Mutalisk x2  
  139  8:56  Mutalisk x2  
  139  8:58  Zergling x10  
  139  9:02  Mutalisk  
  150  9:09  Mutalisk  
  150  9:10  Zergling x8  
  150  9:11  Zergling x6  
  157  9:18  Drone x2  
  157  9:21  Infestation Pit  
  157  9:22  Overseer  
  157  9:23  Zerg Melee Weapons Level 2  
  158  9:25  Drone x3  
  158  9:28  Mutalisk, Evolution Chamber  
  162  9:32  Baneling x2  
  162  9:33  Baneling x5  
  162  9:40  Extractor  
  162  9:41  Extractor  
  160  9:51  Drone x4  
  160  9:52  Drone x2, Overlord x4  
  166  9:55  Zerg Ground Armor Level 1  
  166  9:56  Zergling x4  
  166  9:57  Zergling x10  
  166  9:58  Overlord x3  
  173  10:05  Centrifical Hooks  
  171  10:10  Zergling x2  
  171  10:11  Zergling x10  
  171  10:12  Overseer  
  171  10:13  Mutalisk x2  
  171  10:14  Mutalisk x3  
  184  10:28  Zergling x12  
  181  10:29  Zergling x6  
  181  10:33  Mutalisk x3  
  192  10:40  Baneling x6  
  192  10:42  Mutalisk x2  
  196  10:43  Zergling x4  
  196  10:44  Zergling x2  
  130  11:07  Mutalisk x3  
  130  11:08  Mutalisk x4  
  130  11:11  Mutalisk  
  140  11:12  Zergling x2  
  140  11:14  Mutalisk  
  139  11:25  Mutalisk  
  139  11:26  Mutalisk x2  
  139  11:28  Drone x5  
  150  11:36  Hive  
  150  11:37  Zergling x8  
  150  11:38  Zergling x6  
  157  11:46  Mutalisk x3  
  163  11:47  Zergling x4  
  165  12:00  Zerg Ground Armor Level 2  
  165  12:01  Zergling x2  
  165  12:02  Zergling x20  
  165  12:03  Baneling x5  
  165  12:07  Zergling x8  
  180  12:18  Zergling x6  
  180  12:20  Hatchery  
  180  12:23  Extractor  
  177  12:30  Baneling x9  
  177  12:33  Drone x2  
  176  12:52  Viper x3  
  176  12:53  Ultralisk Cavern, Viper  
  183  13:00  Extractor  
  178  13:06  Zergling x6  
  173  13:42  Chitinous Plating  
  173  13:43  Ultralisk x4  
  173  13:48  Baneling x15  
  197  13:49  Baneling x12  
  197  13:50  Baneling x3  
  195  13:59  Ultralisk  
  199  14:05  Drone  
  198  14:35  Zerg Ground Armor Level 3  
  198  14:36  Zerg Melee Weapons Level 3  
  198  14:37  Zerg Flyer Weapons Level 3  
  198  14:41  Zergling x4  
  200  15:00  Anabolic Synthesis  
  200  15:01  Spore Crawler  
  200  15:03  Spine Crawler  
  200  15:04  Spine Crawler  
  200  15:05  Spine Crawler  
  200  15:06  Hatchery  
  195  15:08  Extractor x2  
  187  15:53  Spire  
  169  16:21  Overseer, Pneumatized Carapace  
  169  16:22  Overseer  
  151  16:45  Ultralisk x3  
  151  16:46  Ultralisk x5  
  194  17:03  Ultralisk  
  200  17:13  Zerg Missile Weapons Level 1  
  200  17:15  Greater Spire  
  200  17:16  Zerg Flyer Armor Level 1  
  167  17:30  Ultralisk x5  
  167  17:31  Zergling x2  
  177  17:39  Overseer  
  177  17:40  Drone  
  177  17:41  Drone x5  
  177  17:42  Drone x3  
  171  17:46  Zergling x2  
  171  17:47  Zergling x36  
  185  18:02  Overlord x3  
  185  18:07  Drone x2, Hydralisk Den  
  185  18:08  Queen  
  185  18:11  Overseer  
  186  18:13  Overseer x2  
  186  18:22  Spore Crawler  
  186  18:23  Drone  
  186  18:24  Drone x2, Spine Crawler  
  186  18:25  Spine Crawler  
  186  18:27  Spine Crawler  
  185  18:35  Overseer  
  185  18:41  Viper x5  
  200  19:09  Spine Crawler  
  199  19:15  Drone  
  199  19:16  Lurker Den  
  196  19:37  Adrenal Glands  
  152  20:00  Ultralisk x4, Overlord x3  
  152  20:01  Zergling x8  
  152  20:02  Zergling x2  
  150  20:09  Ultralisk x3  
  150  20:11  Zergling x16  
  150  20:12  Zergling x4  
  134  20:22  Drone x5  
  134  20:23  Ultralisk x6  
  134  20:24  Overseer, Ultralisk  
  134  20:25  Drone x6  
  134  20:26  Drone x2  
  174  20:31  Drone  
  170  20:36  Overseer  
  170  20:42  Ultralisk x2  
  179  20:48  Zergling x6  
  180  20:53  Overseer  
  180  20:58  Overseer  
  180  20:59  Ultralisk  
  180  21:00  Zergling x4  
  180  21:02  Drone  
  189  21:29  Zergling x4  
  186  21:56  Zergling x2  
  186  21:59  Corruptor x3  
  186  22:00  Corruptor x3  
  199  22:03  Spine Crawler x2  
  199  22:05  Spine Crawler  
  191  22:20  Drone, Hatchery  
  175  22:44  Drone x3, Corruptor  
  177  22:47  Spine Crawler  
  179  22:54  Drone  
  180  23:01  Brood Lord x5  
  180  23:04  Overseer x2  
  179  23:24  Drone x3  
  179  23:25  Drone x8  
  182  23:40  Corruptor  
  184  23:58  Baneling  
  184  23:59  Baneling x10  
  181  24:09  Zergling x2  
  182  24:10  Zergling x16  
Tags
 
Add a new tag
Caveats
  • Supply blocks, unpowered buildings, or Contaminate may cause inaccurate times.
  • Supply counts are checked every 10 seconds.